 Dungeon Crawl Stone Soup version 0.31-a0-965-g8a8ce12e04 (webtiles) character file.

Game seed: 7218668031402752142

403 Elsrick the Trooper (level 7, -1/54 HPs)
             Began as a Human Fighter on Oct 27, 2023.
             Succumbed to Dowan's poison
             ... on level 4 of the Dungeon.
             The game lasted 00:09:30 (3097 turns).

Elsrick the Trooper (Human Fighter)                 Turns: 3097, Time: 00:09:31

Health: -1/54      AC: 12    Str: 16    XL:     7   Next: 11%
Magic:  7/7        EV:  7    Int:  9    God:
Gold:   234        SH:  5    Dex: 14    Spells: 6/6 levels left

rFire   . . .        m - +0 hand axe (flame)
rCold   . . .        c - +0 buckler
rNeg    . . .        x - +0 chain mail
rPois   .            (no helmet)
rElec   .            (no cloak)
rCorr   .            w - +2 pair of gloves
SInv    .            (no boots)
Will    .....        (no amulet) Stlth
                     (no ring)
HPRegen 0.29/turn    (no ring)
MPRegen 0.10/turn

%: no passive effects
@: lethally poisoned (-1 -> -23)
A: no striking features
a: no special abilities


You were on level 4 of the Dungeon.
You visited 1 branch of the dungeon, and saw 4 of its levels.

You collected 234 gold pieces.

Inventory:

Hand Weapons
 a - a +0 rapier
 m - a +0 hand axe of flaming (weapon)
 t - a +1 mace of protection
Missiles
 p - 14 poisoned darts (quivered)
Armour
 b - a +0 scale mail
 c - a +0 buckler (worn)
 g - a +0 pair of gloves
 w - a +2 pair of gloves (worn)
 x - a +0 chain mail (worn)
Jewellery
 r - a ring of magical power
Talismans
 o - a flux talisman
Scrolls
 h - 3 scrolls of identify {unknown}
 j - 2 scrolls of enchant weapon {unknown}
 k - 2 scrolls of poison {unknown}
 n - a scroll of vulnerability {unknown}
 u - a scroll of silence {unknown}
 v - a scroll of enchant armour {unknown}
Potions
 d - a potion of might
 e - 3 potions of degeneration {unknown}
 f - a potion of curing {unknown}
 i - a potion of heal wounds {unknown}
 l - 2 potions of lignification {unknown}
 q - 2 potions of haste {unknown}
 s - a potion of berserk rage {unknown}


   Skills:
 + Level 4.0 Fighting
 + Level 3.0 Short Blades
 + Level 3.8 Axes
 + Level 0.8 Throwing
 + Level 3.9 Armour
 + Level 1.4 Dodging
 + Level 3.7 Shields


You had 6 spell levels left.
You didn't know any spells.
Your spell library contained the following spells:

 Spells                   Type           Power      Damage    Failure   Level
 Apportation              Tloc           0%         N/A       99%         1
 Blink                    Tloc           0%         N/A       100%        2
 Jinxbite                 Hex            0%         N/A       100%        2
 Lesser Beckoning         Tloc           0%         N/A       100%        2
 Momentum Strike          Conj/Tloc      0%         3d8       100%        2
 Alistair's Intoxication  Tmut/Pois      0%         N/A       100%        5


Dungeon Overview and Level Annotations

Branches:
Dungeon (4/15)
 Temple: D:4-7

Altars:

Annotations:
D:4 Dowan


Message History

You closely miss Dowan. You miss the adder. The adder bites you.
You are poisoned.
The adder poisons you! You block Dowan's attack.
The orc priest hits you but does no damage.
You miss Dowan. You hit the adder. You burn the adder.
You feel sick. You block the adder's attack.
The orc priest mumbles some strange prayers to Beogh against you.
Pain shoots through your body! Dowan hits you but does no damage.
You are more poisoned.
The adder bites you but does no damage.
You hit the adder. You burn the adder.
The adder is almost dead.
You barely miss Dowan.
You feel very sick. The orc priest completely misses you.
Dowan hits you but does no damage.
You are more poisoned.
The adder bites you but does no damage.
You hit Dowan. You burn Dowan.
Dowan is lightly wounded.
You completely miss the adder.
You feel very sick. The adder closely misses you.
Dowan hits you but does no damage.
You are more poisoned.
The orc priest barely misses you. The adder closely misses you.
Dowan hits you but does no damage.
You are lethally poisoned!
The orc priest hits you from afar with a +0 trident.
You closely miss Dowan.
Dowan is lightly wounded.
You hit the adder. You burn the adder.
You kill the adder!
You feel extremely sick.
The orc priest calls down the wrath of Beogh upon you.
Beogh smites you!
* * * LOW HITPOINT WARNING * * *
Dowan barely misses you.
You miss Dowan.
Dowan is lightly wounded.
You closely miss the orc.
You die...

#############
#...........####
###.###.#.###.##..
#.......#.........
#####.#.##...†.##.##..
#.......###.#.###.###.
#.###.#.###.#.# #.##..
#.###)#........ ..##.#
#..o)@e$..##########.#
#.?#o##.#.# #.# ...
... ..#.# #.# . .....
..... #.#
...<.#.#..#.## #.#
####.#.#..#.# #.# #
...... # #.. #. ## ###


You could see Dowan, an orc priest and an orc.

Vanquished Creatures
  Sigmund (D:3)
  An orc priest (D:3)
  Terence (D:3)
  An orc wizard (D:3)
  Robin (D:3)
  5 adders
  2 dart slugs (D:1)
  7 orcs
  5 endoplasms
  3 giant cockroaches
  16 goblins
  4 hobgoblins
  9 jackals
  5 kobolds
  6 quokkas
  6 ball pythons
  5 bats
  3 frilled lizards (D:3)
  6 rats
87 creatures vanquished.

Notes
Turn   | Place    | Note
-------+----------+-------------------------------------------
     0 | D:1      | Elsrick the Human Fighter began the quest for the Orb.
     0 | D:1      | Reached XP level 1. HP: 18/18 MP: 1/1
    96 | D:1      | Reached XP level 2. HP: 19/24 MP: 2/2
   353 | D:1      | Reached XP level 3. HP: 28/29 MP: 3/3
  1168 | D:2      | Reached XP level 4. HP: 35/35 MP: 4/4
  1873 | D:2      | Reached skill level 1 in Axes
  2209 | D:3      | Reached XP level 5. HP: 40/41 MP: 5/5
  2225 | D:3      | Noticed Robin
  2237 | D:3      | Killed Robin
  2309 | D:3      | Noticed Terence
  2318 | D:3      | Killed Terence
  2357 | D:3      | Reached skill level 1 in Dodging
  2357 | D:3      | Reached XP level 6. HP: 34/48 MP: 6/6
  2712 | D:3      | Noticed Sigmund
  2724 | D:3      | Killed Sigmund
  2725 | D:3      | Reached skill level 4 in Fighting
  2725 | D:3      | Reached XP level 7. HP: 49/54 MP: 7/7
  3088 | D:4      | Noticed Dowan
  3097 | D:4      | Succumbed to Dowan's poison

Illustrated notes

Levels and vault maps discovered:
D:1:      lemuel_arrival_cross, layout_basic
D:2:      minmay_razor_zed, layout_basic
D:3:      layout_basic, uniq_robin, uniq_sigmund, uniq_terence
D:4:      layout_loops_cross, serial_shops, shop, serial_bayou_pond_e,
          uniq_duvessa

Skill      XL: |  1  2  3  4  5  6 |
---------------+-------------------+-----
Axes           | 1 2 3 |  3.8
Short Blades   | 3 |  3.0
Dodging        | 1 |  1.4
Fighting       | 4 |  4.0
Throwing       | |  0.8
Armour         | |  3.9
Shields        | |  3.7

Action                     |  1- 3 |  4- 6 |  7- 9 || total
---------------------------+-------+-------+-------++-------
  Melee: Rapier            |    96 |       |       ||    96
         Hand axe          |    20 |   121 |    15 ||   156
  Throw: Dart              |       |     9 |       ||     9
 Armour: Scale mail        |    74 |   101 |       ||   175
         Chain mail        |       |       |    21 ||    21
  Dodge: Dodged            |    48 |    62 |    10 ||   120
  Block: Buckler           |    29 |    27 |     3 ||    59

Table legend: (Time is in decaauts)
 A = Elapsed time spent in this place.
 B = Non-inter-level travel time spent in this place.
 C = Inter-level travel time spent in this place.
 D = Time resting spent in this place.
 E = Time spent auto-exploring this place.
 F = Levels seen in this place.
 G = Mean time per level.
                   A        B        C        D        E       F      G
               +--------+--------+--------+--------+--------+-----+--------+
         Total |   3152 |   2973 |    179 |    256 |   2040 |   4 |  788.0 |
       Dungeon |   3152 |   2973 |    179 |    256 |   2040 |   4 |  788.0 |
               +--------+--------+--------+--------+--------+-----+--------+

Top non-repeatable levels by time:
     D:2: 1385 daAuts
     D:3: 853 daAuts
     D:1: 846 daAuts
     D:4: 67 daAuts
